 Dungeon Crawl Stone Soup version 0.29-a0-911-g88e6f02907 (webtiles) character file.

Game seed: 10657287383553034360

655 Aviak the Magician (level 7, -4/52 HPs)
             Began as a Djinni Conjurer on July 25, 2022.
             Was a Follower of Dithmenos.
             Slain by an orc warrior
             ... wielding a +0 battleaxe
              (13 damage)
             ... on level 6 of the Dungeon.
             The game lasted 00:11:57 (6982 turns).

Aviak the Magician (Djinni Conjurer)                Turns: 6982, Time: 00:11:58

Health: -4/52      AC:  7    Str:  6    XL:     7   Next: 85%
Gold:   344        EV: 11    Int: 21    God:    Dithmenos [*.....] SH:  0 Dex: 12

rFire   + + .      SeeInvis .   x - +7 Singing Sword {vorpal, sonic wave}
rCold   . . .      Faith    .   (no shield)
rNeg    . . .      Spirit   .   t - +2 leather armour {rC+}
rPois   ∞          Reflect  .   i - +0 helmet
rElec   .          Harm     .   (no cloak)
rCorr   .          Rampage  .   g - +0 pair of gloves
Will    .....                   (boots unavailable)
Stlth   ++........              (no amulet)
HPRegen 0.17/turn               (no ring)
MPRegen 0.00/turn               (no ring)

@: flying, wreathed by umbra
A: sickness immunity, fire resistance 2, cold vulnerability 1, float, innate
caster, HP casting, extra vitality 1
a: Renounce Religion


You were on level 6 of the Dungeon.
You worshipped Dithmenos.
Dithmenos was aware of your devotion.
You visited 2 branches of the dungeon, and saw 7 of its levels.

You collected 344 gold pieces.

Inventory:

Hand Weapons
 u - the +5 mace of Wyrd {protect, *Slow rElec Will+ Dex+6}
   (You found it on level 5 of the Dungeon)

   It grants its wielder temporary protection when it strikes (+7 to AC).
   Dex:       It affects your dexterity (+6).
   rElec:     It insulates you from electricity.
   *Slow:     It may slow you when you take damage.
   Will:      It increases your willpower.
 x - the +7 Singing Sword (weapon) {vorpal, sonic wave}
   (You found it on level 6 of the Dungeon)

   It inflicts extra damage upon your enemies.
   It radiates damaging sonic waves as it strikes, especially in combat
   involving dangerous or numerous foes.
Missiles
 y - a throwing net {!f}
Armour
 g - a +0 pair of gloves (worn)
 i - a +0 helmet (worn)
 n - a +0 leather armour
 t - a +2 leather armour of cold resistance (worn)
Wands
 a - a wand of flame (15)
 c - a wand of polymorph (11)
Scrolls
 b - a scroll of torment {unknown}
 d - 5 scrolls of identify
 h - a scroll of blinking {unknown}
 l - 5 scrolls of teleportation {unknown}
 r - a scroll of immolation {unknown}
 s - a scroll of noise {unknown}
 v - a scroll of enchant armour {unknown}
 w - a scroll of summoning {unknown}
Potions
 e - a potion of heal wounds {unknown}
 f - a potion of haste
 j - 2 potions of lignification {unknown}
 k - a potion of experience {unknown}
 m - a potion of attraction {unknown}
 o - a potion of brilliance {unknown}
 p - 2 potions of curing {unknown}
 q - a potion of invisibility {unknown}


   Skills:
 + Level 4.1 Fighting
 + Level 1.4 Maces & Flails
 - Level 2.1 Dodging
 - Level 1.5 Stealth
 * Level 5.8 Spellcasting


You couldn't memorise any spells.
You knew the following spells:

 Your Spells              Type           Power      Damage    Failure   Level
a - Magic Dart            Conj           100%       1d8       1%          1
b - Searing Ray           Conj           60%        2d6       1%          2
c - Dazzling Flash        Conj/Hex       60%        N/A       4%          3
d - Fulminant Prism       Conj/Hex       15%        3d11      14%         4
e - Iskenderun's Mystic   Conj/Tloc      30%        2d8       14%         4
f - Slow                  Hex            100%       N/A       1%          1
g - Ensorcelled Hibernat  Hex/Ice        60%        N/A       1%          2
h - Vampiric Draining     Necr           30%        2d8       4%          3
Your spell library was empty.

Dungeon Overview and Level Annotations

Branches:
Dungeon (6/15) Zot: 26698  Temple (1/1) D:4 Zot: 5476

Altars:
Ashenzari
Cheibriados
Dithmenos
Elyvilon
Gozag
Hepliaklqana
Makhleb
Nemelex Xobeh
Okawaru
Qazlal
Ru
Trog
Uskayaw
Wu Jian
Xom
Yredelemnul
Zin
The Shining One


Innate Abilities, Weirdness & Mutations

You are immune to sickness and miasma.
You are immune to poison.
Your flesh is very heat resistant. (rF++)
You are vulnerable to cold. (rC-)
You float through the air rather than walking.
You learn spells naturally, not from books.
Your magical power is your life essence.
You have superior vitality. (+4 MHP)


Message History

You hit the orc warrior but do no damage.
The orc warrior barely misses you.
You hit the orc warrior but do no damage.
The orc warrior is no longer blind.
The orc warrior hits you with a +0 battleaxe.
The orc warrior barely misses you.
You hit the orc warrior.
The Singing Sword growls menacingly.
You send a blast of sound all around you.
The orc warrior and the orc are blasted.
The orc warrior is moderately wounded.
You kill the orc!
Dithmenos accepts your kill.
The orc warrior is moderately wounded.
You hear a shout! x6
The orc warrior misses you.
You hear a shout! x2
You closely miss the orc warrior.
The orc warrior is moderately wounded.
The orc warrior closely misses you.
The orc warrior hits you with a +0 battleaxe!
Casting: Dazzling Flash (dangerous; 4% risk of failure)
Confirm with . or Enter, or press ? or * to list all spells.
Casting: Dazzling Flash (dangerous; 4% risk of failure)
Press: ? - help, Dir - look around, f - activate The orc warrior is dazzled.
The orc warrior hits you with a +0 battleaxe!
You catch the helpless orc warrior completely off-guard!
You hit the orc warrior.
The orc warrior is heavily wounded.
The orc warrior misses you.
You closely miss the orc warrior.
The orc warrior is heavily wounded.
The orc warrior hits you with a +0 battleaxe!
* * * LOW HITPOINT WARNING * * *
The orc warrior closely misses you.
You closely miss the orc warrior.
The orc warrior is heavily wounded.
The orc warrior hits you with a +0 battleaxe!
You die...

.##....##.............##
.#^^####.......#..#####
.#.##.....#....####
........###...####
........# #.#....####
######### ######.#..#
#....# #...## #@### #o#
#). #... #.... #.....
....... ...#...#


You could see an orc warrior (blind).

Vanquished Creatures
  A sky beast (D:6)
  2 hounds (D:5)
  An orc priest (D:3)
  3 iguanas
  5 orc wizards
  4 gnolls (D:5)
  9 adders
  2 ufetubi
  3 worms
  6 dart slugs
  17 orcs
  8 ball pythons
  9 endoplasms
  3 giant cockroaches
  6 goblins
  7 hobgoblins
  2 jackals (D:5)
  4 quokkas
  14 bats
  3 frilled lizards
  4 kobolds
  7 rats
  A spectral hobgoblin (D:1)
121 creatures vanquished.

Vanquished Creatures (others)
  A fulminant prism (D:5)
  A fungus (D:6)
  8 plants (D:6)
10 creatures vanquished.

Grand Total: 131 creatures vanquished

Notes
Turn   | Place    | Note
-------+----------+-------------------------------------------
     0 | D:1      | Aviak the Djinni Conjurer began the quest for the Orb.
     0 | D:1      | Aviak set off with the following spells memorised: Magic
                  | Dart, Searing Ray, Dazzling Flash, Fulminant Prism,
                  | Iskenderun's Mystic Blast.
     0 | D:1      | Reached XP level 1. HP: 15/15 MP: 0/0
    66 | D:1      | Found a faded altar of an unknown god.
   376 | D:1      | Reached XP level 2. HP: 17/22 MP: 0/0
   695 | D:1      | Reached skill level 1 in Fighting
  1143 | D:1      | Reached XP level 3. HP: 25/27 MP: 0/0
  1143 | D:1      | Learned a level 1 spell: Slow
  1697 | D:2      | Reached XP level 4. HP: 31/32 MP: 0/0
  1729 | D:2      | Reached skill level 4 in Spellcasting
  3125 | D:3      | Found a glowing golden altar of the Shining One.
  3336 | D:3      | Reached XP level 5. HP: 35/39 MP: 0/0
  3336 | D:3      | Learned a level 2 spell: Ensorcelled Hibernation
  3897 | D:4      | Reached XP level 6. HP: 29/45 MP: 0/0
  4625 | D:4      | Reached skill level 5 in Spellcasting
  5000 | D:4      | Found a staircase to the Ecumenical Temple.
  5009 | Temple   | Entered the Ecumenical Temple
  5532 | D:5      | Entered Level 5 of the Dungeon
  5770 | D:5      | Identified the +5 mace of Wyrd {protect, *Slow rElec Will+
                  | Dex+6}
  5832 | D:5      | Found a glowing silver altar of Zin.
  5834 | D:5      | Found a sacrificial altar of Ru.
  5834 | D:5      | Found a shimmering altar of Xom.
  5836 | D:5      | Found an iron altar of Okawaru.
  5836 | D:5      | Found an ornate altar of the Wu Jian Council.
  5837 | D:5      | Found a broken altar of Ashenzari.
  5851 | D:5      | Reached XP level 7. HP: 31/50 MP: 0/0
  5851 | D:5      | Learned a level 3 spell: Vampiric Draining
  5963 | Temple   | Became a worshipper of Dithmenos the Shadowed
  6697 | D:6      | Noticed a water moccasin
  6700 | D:6      | Reached skill level 1 in Maces & Flails
  6709 | D:6      | Found the +7 Singing Sword {vorpal, sonic wave}
  6974 | D:6      | Reached * piety under Dithmenos
  6982 | D:6      | Slain by an orc warrior

Illustrated notes

Levels and vault maps discovered:
D:1:      amcnicky_arrival_gap_in_the_tavern_cellar, layout_basic,
          dreamdust_ecumenical_altar_drowned_temple
D:2:      layout_basic, basic_altar, st_stairs_4
D:3:      layout_basic, overflow_temple_1_default
D:4:      layout_loops_ring, temple_hall
D:5:      layout_basic, grunt_temple_overflow_open, minmay_fractal_squares_5
D:6:      old_forge, layout_cave_pools, serial_bayou_lagoon_a,
          lightli_church_of_beogh
Temple:   chequers_temple_sunken

Skill      XL: |  1  2  3  4  5  6  7 |
---------------+----------------------+-----
Fighting       | 1 2 3 4 |  4.1
Spellcasting   | 4 5 |  5.8
Maces & Flails | 1 |  1.4
Dodging        | |  2.1
Stealth        | |  1.5

Action                   |  1- 3 |  4- 6 |  7- 9 || total
-------------------------+-------+-------+-------++-------
Melee: Flail             |       |     4 |       ||     4
       Mace              |       |     2 |    11 ||    13
       Double sword      |       |       |    16 ||    16
 Cast: Magic Dart        |    59 |   108 |     9 ||   176
       Searing Ray       |     2 |    13 |     7 ||    22
       Dazzling Flash    |       |       |     5 ||     5
       Vampiric Draining |       |       |     4 ||     4
       Iskenderun's Myst |       |       |     2 ||     2
       Fulminant Prism   |       |       |     1 ||     1
  Use: Scroll            |       |       |     1 ||     1
 Stab: Invisible         |       |       |     1 ||     1
       Sleeping          |       |       |     1 ||     1
Armor: Robe              |     4 |     4 |       ||     8
       Leather armour    |       |    15 |    29 ||    44
Dodge: Dodged            |     3 |    19 |    50 ||    72

Table legend: (Time is in decaauts)
 A = Elapsed time spent in this place.
 B = Non-inter-level travel time spent in this place.
 C = Inter-level travel time spent in this place.
 D = Time resting spent in this place.
 E = Time spent auto-exploring this place.
 F = Levels seen in this place.
 G = Mean time per level.
                   A        B        C        D        E       F      G
               +--------+--------+--------+--------+--------+-----+--------+
         Total |   6994 |   6568 |    426 |    110 |   5703 |   7 |  999.1 |
       Dungeon |   6471 |   6111 |    360 |    110 |   5267 |   6 | 1078.5 |
        Temple |    523 |    458 |     65 |      0 |    436 |   1 |  523.0 |
               +--------+--------+--------+--------+--------+-----+--------+

Top non-repeatable levels by time:
     D:2: 1442 daAuts
     D:1: 1436 daAuts
     D:4: 1335 daAuts
     D:5: 1020 daAuts
     D:3: 935 daAuts
  Temple: 523 daAuts
     D:6: 299 daAuts
